 Dungeon Crawl Stone Soup version 0.29.1-4-g47bece8355 (webtiles) character file.

Game seed: 432120706061715563

255324 FaithlessZealot the Tortoise (level 19, 0/177 HPs)
             Began as a Minotaur Berserker on Dec 5, 2022.
             Was a High Priest of Trog.
             Splashed by an acid blob's acid (1 damage)
             ... created by the Royal Jelly
             ... on level 3 of the Pits of Slime.
             The game lasted 04:55:48 (52722 turns).

FaithlessZealot the Tortoise (Minotaur Berserker)  Turns: 52722, Time: 04:55:49

Health: 0/177      AC: 26    Str: 35    XL:     19   Next: 4%
Magic:  18/18      EV: 13    Int:  3    God:    Trog [*****.]
Gold:   2512       SH: 11    Dex: 10    Spells: 18/18 levels left

rFire   + + .      SeeInvis +   a - +3 broad axe (spect)
rCold   . . .      Faith    .   E - +3 warlock's mirror {reflect}
rNeg    + + .      Spirit   .   e - +8 plate armour of Feum {+Inv rPois Str-4 SInv}
rPois   +          Reflect  +   Q - +2 hat
rElec   .          Harm     .   F - +1 cloak of Unaderele {rF++ rN+}
rCorr   +          Rampage  .   l - +2 pair of gloves
Will    +++..                   j - +2 pair of boots
Stlth   ..........              U - amulet of the acrobat
HPRegen 1.39/turn               O - ring of Meutudgha {rN+ Str+6 Slay+3}
MPRegen 0.16/turn               G - ring of resist corrosion

@: strong-willed, corroded, regenerating, studying Armour
A: horns 2, retaliatory headbutt, screaming 1, strong 1, inability to drink
after injury 1, noise suppression
}: 2/15 runes: barnacled, gossamer
a: Renounce Religion, Evoke Invisibility, Berserk, Trog's Hand, Brothers in Arms


You were on level 3 of the Pits of Slime.
You worshipped Trog.
Trog was extremely pleased with you.
You visited 6 branches of the dungeon, and saw 35 of its levels.
You visited the Abyss 1 time.
You also visited: Ossuary and Ice Cave.

You collected 4099 gold pieces.
You spent 1587 gold pieces at shops.

Inventory:

Hand Weapons
 a - a +3 spectral broad axe (weapon)
 b - a +0 eveningstar
 w - a +3 executioner's axe of flaming
Missiles
 m - 6 silver boomerangs
 R - 4 throwing nets
 T - 5 silver javelins
Armour
 e - the +8 plate armour of Feum (worn) {+Inv rPois Str-4 SInv}
   (You bought it in a shop on level 2 of the Orcish Mines)

   Str:       It affects your strength (-4).
   rPois:     It protects you from poison.
   SInv:      It lets you see invisible.
   +Inv:      It lets you turn invisible.
 j - a +2 pair of boots (worn)
 l - a +2 pair of gloves (worn)
 E - the +3 warlock's mirror (worn) {reflect}
   (You found it on level 11 of the Dungeon)

   It can block and reflect piercing ranged attacks and magical attacks against
   the wielder's willpower.
 F - the +1 cloak of Unaderele (worn) {rF++ rN+}
   (You bought it in a shop on level 2 of the Orcish Mines)

   rF:        It greatly protects you from fire.
   rN:        It protects you from negative energy.
 H - the +0 pair of boots of Autumn {rPois rF- Str+8 Int-3}
   (You acquired it on level 11 of the Dungeon)

   Str:       It affects your strength (+8).
   Int:       It affects your intelligence (-3).
   rF:        It makes you vulnerable to fire.
   rPois:     It protects you from poison.
 Q - a +2 hat (worn)
Jewellery
 y - a ring of protection from cold
 C - an amulet of reflection
 G - a ring of resist corrosion (right hand)
 O - the ring of Meutudgha (left hand) {rN+ Str+6 Slay+3}
   (You found it on level 1 of the Lair of Beasts)

   [ring of strength]

   Str:       It affects your strength (+6).
   Slay:      It affects your accuracy & damage with ranged weapons and melee
   (+3).
   rN:        It protects you from negative energy.
 U - an amulet of the acrobat (around neck)
Wands
 n - a wand of light (4)
 o - a wand of flame (22)
 s - a wand of paralysis (26)
 t - a wand of roots (31)
 v - a wand of mindburst (16)
 M - a wand of digging (9)
Scrolls
 f - a scroll of summoning
 p - 4 scrolls of enchant armour
 u - a scroll of blinking
 z - 16 scrolls of identify
 A - 14 scrolls of teleportation
 B - 4 scrolls of butterflies
 K - a scroll of magic mapping
 L - a scroll of silence
 V - 2 scrolls of poison
Potions
 d - 7 potions of attraction
 g - 6 potions of might
 h - 2 potions of heal wounds (quivered)
 i - 14 potions of curing
 k - 7 potions of lignification
 q - 3 potions of resistance
 r - 2 potions of magic
 x - 3 potions of cancellation
 D - 4 potions of flight
 N - 4 potions of haste
 P - 4 potions of ambrosia
Miscellaneous
 c - a lightning rod (4/4)
 I - a box of beasts (inert)
 J - a condenser vane
 S - a condenser vane


   Skills:
 + Level 17.6 Fighting
 - Level 18.0 Axes
 + Level 18.2 Armour
 + Level 15.2 Dodging
 + Level 16.5 Shields
 + Level 15.0 Evocations


You had 18 spell levels left.
You didn't know any spells.
Your spell library was empty.

Dungeon Overview and Level Annotations

Branches:
Dungeon (15/15)            Temple (0/1) D:5            Lair (5/5) D:11
 Shoals (4/4) Lair:3       Spider (4/4) Lair:2        Slime (5/5) Lair:4
    Orc (2/2) D:12            Elf (0/3) Orc:2        Vaults (0/5) D:13
 Depths (0/4) D:15        Ossuary (visited)           IceCv (visited)

Altars:
Ashenzari
Dithmenos
Elyvilon
Fedhas
Makhleb
Nemelex Xobeh
Okawaru
Qazlal
Sif Muna
Uskayaw
Vehumet
Xom
Yredelemnul
The Shining One
Jiyva

Shops:
Orc:1 :   Orc:2 [=:?(

Annotations:
D:1 exclusion: downstairs
D:2 !Sigmund
D:10 exclusion: downstairs
D:11 !4 Head Hydra
Spider:1 Roxanne
Slime:5 Royal Jelly


Innate Abilities, Weirdness & Mutations

You have a pair of horns on your head.
You reflexively headbutt those who attack you in melee.
You occasionally shout uncontrollably at your foes.
Your muscles are strong. (Str +4, Int/Dex -1)
You occasionally lose the ability to drink potions when taking damage.
You passively dampen the noise of your surroundings.


Message History

The acid blob hits you!
* * * LOW HITPOINT WARNING * * *
You are splashed with acid.
You resist.
* * * LOW HITPOINT WARNING * * *
You block the azure jelly's attack. The azure jelly barely misses you.
The azure jelly closely misses you.
The azure jelly hits you but does no damage.
Blink to where?
Press: ? - help, Dir - move target
As you read the scroll of blinking, it crumbles to dust.
Your skin crawls.
You feel strong-willed.
The acid blob jiggles.
Blink to where?
Press: ? - help, Dir - move target
As you read the scroll of blinking, it crumbles to dust.
The acid blob spits acid at you. The splash of acid hits you! You resist.
* * * LOW HITPOINT WARNING * * *
The acid blob spits acid at you.
The splash of acid hits you but does no damage.
Blink to where?
Press: ? - help, Dir - move target
As you read the scroll of blinking, it crumbles to dust.
You can drink potions again.
The acid blob hits you but does no damage.
You climb upwards.
There is a stone staircase leading down here.
You slash the acid blob!
Your hands burn!
* * * LOW HITPOINT WARNING * * *
You headbutt the acid blob!
The acid blob is heavily wounded.
Your +3 spectral broad axe hits the acid blob!!
Your +3 spectral broad axe is burned by acid!
The acid blob hits your +3 spectral broad axe!!
Your spectral weapon shares its damage with you!
Your +3 spectral broad axe fades away.
* * * LOW HITPOINT WARNING * * *
You hit the acid blob.
Your hands burn!
You die...

......#.^......##...#
...............#.#.##
....................####
#......................##
.........................
.........................
............#......##.#..
.#.........##....<.......
.........@...............
........J§....#..........
..............#.....##.##
...................## #
.................###
.................
.##.............#
.#...........##


You could see an acid blob.

Vanquished Creatures
  Arachne (Spider:2)
  Rupert (D:15)
  Mlioglotl (Spider:2)
  12 acid blobs
  A kraken (Shoals:2)
  Gastronok (Orc:1)
  A sphinx (D:13)
  Kirke (Lair:4)
  Donald (Spider:1)
  2 rockslimes (Slime:5)
  5 azure jellies
  An orc warlord (Orc:2)
  7 ghost moths
  7 emperor scorpions
  3 quicksilver oozes
  A broodmother (Spider:3)
  The ghost of duckroller the Severer, a journeyman HOMo of Beogh (Orc:1)
  4 entropy weavers
  A minotaur (Lair:3)
  Josephine (Shoals:1)
  A great orb of eyes (Slime:5)
  8 merfolk impalers
  6 merfolk javelineers
  The ghost of Nefuv the Blocker, a journeyman MiBe of Trog (Lair:3)
  6 boulder beetles
  11 hydras
  Erolcha (Orc:1)
  A vault guard (D:13)
  3 jorogumos
  7 catoblepae
  A rakshasa (D:15)
  4 two-headed ogres
  2 merfolk avatars (Shoals:2)
  An alligator snapping turtle (Shoals:3)
  An ogre mage (D:13)
  7 centaur warriors
  3 radroaches
  4 merfolk aquamancers
  2 satyrs (Shoals:4)
  A tengu warrior (D:15)
  8 death scarabs
  6 death yaks
  A spectral emperor scorpion (Spider:4)
  4 orc high priests
  9 pharaoh ants
  5 skeletal warriors
  11 sea snakes
  Nergalle (Lair:1)
  A glowing orange brain (D:15)
  A bog body (IceCv)
  9 steelbarb worms
  11 wizards
  2 orb spiders (Spider:2)
  2 harpies (Shoals:4)
  3 necromancers
  4 orc knights (Orc:2)
  5 deep elf pyromancers
  2 spectral wolf spiders (Spider:4)
  A broodmother zombie (Spider:4)
  15 wolf spiders
  A faun (shapeshifter) (D:15)
  A harpy (shapeshifter) (D:14)
  12 ugly things
  3 moths of wrath
  A salamander (shapeshifter) (D:12)
  7 shining eyes
  7 cyclopes
  5 orc sorcerers (Orc:2)
  7 fauns
  13 manticores
  4 water nymphs
  4 merfolk sirens (Shoals:4)
  17 elephants
  5 black mambas
  Maurice (D:13)
  5 gargoyles
  5 torpor snails
  15 cane toads
  3 eyes of devastation
  7 komodo dragons
  4 demonic crawlers
  A spectral redback (Spider:4)
  A yaktaur (D:13)
  2 kobold demonologists (D:13)
  7 rime drakes
  3 ice devils (IceCv)
  A redback zombie (Spider:4)
  An anaconda simulacrum (IceCv)
  2 freezing wraiths (IceCv)
  4 tengu conjurers
  28 merfolk
  4 meliai
  A spectral culicivora (Spider:4)
  6 trolls
  3 spectral tarantellas (Spider:4)
  Grinder (D:3)
  24 tarantellas
  A hornet (D:10)
  6 spectral jumping spiders (Spider:4)
  2 polar bears
  6 wind drakes
  A tarantella zombie (Spider:4)
  6 blink frogs
  50 slime creatures
  2 dream sheep (Shoals:3)
  7 snapping turtles
  14 culicivoras
  Sigmund (D:2)
  20 jumping spiders
  2 shadows
  8 wyverns
  7 wraiths
  3 hogs (Lair:4)
  65 yaks
  4 dire elephant simulacra (IceCv)
  21 humans (D:13)
  3 water elementals
  A golden eye (Slime:2)
  4 steam dragons
  Grum (D:10)
  4 basilisks
  A neqoxec (Abyss:2)
  41 redbacks
  3 harpy simulacra (IceCv)
  8 vampire mosquitoes
  10 water moccasins
  An acid dragon (D:9)
  2 floating eyes (D:13)
  2 hydra simulacra (IceCv)
  A hornet zombie (D:7)
  26 orc warriors
  2 ice beasts (D:5)
  3 sky beasts
  3 boggarts (D:13)
  8 ogres
  7 wolves
  12 centaurs
  3 phantoms
  3 kobold brigands
  10 bullfrogs
  A spectral wyvern (D:7)
  2 necrophages
  11 scorpions
  A wyvern skeleton (D:7)
  3 wights (D:8)
  6 killer bees (D:8)
  5 howler monkeys
  7 electric eels
  5 human zombies (Ossuary)
  2 hounds
  11 centaur zombies
  A gnoll bouda (D:10)
  14 orc priests
  5 iguanas
  7 scorpion zombies (Ossuary)
  Natasha (thrice) (D:2)
  22 orc wizards
  2 spriggan simulacra (IceCv)
  3 boggart zombies (D:12)
  A wolf simulacrum (IceCv)
  A polar bear simulacrum (IceCv)
  3 mummies (Ossuary)
  9 gnolls
  6 adders
  A shadow imp (D:5)
  4 white imps
  A howler monkey simulacrum (D:7)
  An ufetubus (D:6)
  2 worms
  A dart slug (D:2)
  91 orcs
  5 ball pythons
  8 endoplasms
  6 giant cockroaches
  7 goblins
  5 hobgoblins
  8 jackals
  3 quokkas
  6 bats
  A frilled lizard (D:2)
  2 gnoll zombies (Ossuary)
  3 goblin zombies (Ossuary)
  A hobgoblin zombie (Ossuary)
  18 kobolds
  A kobold zombie (Ossuary)
  5 rats
  A fungus (Lair:5)
  2 plants
1140 creatures vanquished.

Vanquished Creatures (others)
  2 ogre magi (D:13)
  A sun moth (Spider:3)
  3 wizards (D:11)
  A merfolk (Shoals:3)
  A water elemental (Shoals:4)
  A golden eye (Slime:2)
  A human (D:13)
  37 fungi
  72 plants
  8 tentacles (Shoals:2)
  17 withered plants (D:7)
144 creatures vanquished.

Grand Total: 1284 creatures vanquished

Notes
Turn   | Place    | Note
-------+----------+-------------------------------------------
     0 | D:1      | FaithlessZealot the Minotaur Berserker began the quest for
                  | the Orb.
     0 | D:1      | Reached XP level 1. HP: 19/19 MP: 0/0
   248 | D:1      | Reached XP level 2. HP: 27/27 MP: 1/1
  1051 | D:2      | Noticed Sigmund
  1056 | D:1      | Sigmund Down
  1176 | D:2      | Reached ** piety under Trog
  1200 | D:2      | Reached XP level 3. HP: 25/33 MP: 2/2
  1320 | D:2      | Noticed Natasha
  1322 | D:2      | Killed Natasha
  1323 | D:2      | Reached skill level 5 in Axes
  1399 | D:2      | Noticed Natasha
  1409 | D:2      | Killed Natasha
  1410 | D:2      | Reached XP level 4. HP: 40/40 MP: 3/3
  1630 | D:2      | Noticed Natasha
  1644 | D:2      | Killed Natasha
  1751 | D:2      | Killed Sigmund
  1752 | D:2      | Reached XP level 5. HP: 41/46 MP: 4/4
  1752 | D:2      | Reached XP level 6. HP: 46/52 MP: 5/5
  2713 | D:3      | Found a shadowy altar of Dithmenos.
  3379 | D:3      | Noticed Grinder
  3380 | D:3      | Paralysed by Grinder for 4 turns
  3402 | D:3      | Killed Grinder
  3403 | D:3      | Reached XP level 7. HP: 58/58 MP: 6/6
  3473 | D:3      | Found a shimmering blue altar of Sif Muna.
  4086 | D:4      | Identified the +1 robe "Joquck" {Regen+ Archmagi}
  4184 | D:4      | Reached skill level 10 in Axes
  4795 | D:5      | Entered Level 5 of the Dungeon
  4839 | D:5      | Found a shimmering altar of Xom.
  5008 | D:5      | Found a staircase to the Ecumenical Temple.
  5196 | D:5      | Reached XP level 8. HP: 58/66 MP: 7/7
  5389 | D:5      | Found a burning altar of Makhleb.
  5878 | D:5      | Found a radiant altar of Vehumet.
  6549 | D:6      | Reached *** piety under Trog
  6966 | D:6      | Reached XP level 9. HP: 49/71 MP: 8/8
  7462 | D:7      | Reached skill level 15 in Axes
  7543 | D:7      | Found the +4 dagger "Morg" {pain, Will+ Int+5}
  7696 | D:7      | Found a blossoming altar of Fedhas.
  7957 | D:7      | Found a white marble altar of Elyvilon.
  8586 | D:8      | Found a sand-covered staircase.
  8592 | Ossuary  | Entered an ossuary
  8772 | Ossuary  | Reached skill level 5 in Fighting
  8772 | Ossuary  | Reached **** piety under Trog
  9004 | Ossuary  | Reached XP level 10. HP: 83/83 MP: 9/9
  9007 | Ossuary  | Reached skill level 5 in Armour
  9745 | D:8      | Identified the +0 pair of gloves of Hobbom {Harm Fly Regen+
                  | Stlth-}
 10551 | D:9      | Found a glowing golden altar of the Shining One.
 10552 | D:9      | Noticed a two-headed ogre
 10568 | D:9      | Killed a two-headed ogre
 11369 | D:9      | Noticed a boulder beetle
 11403 | D:9      | Found a hide-covered altar of Uskayaw.
 11403 | D:9      | Found a broken altar of Ashenzari.
 11449 | D:9      | Killed a boulder beetle
 12069 | D:10     | Entered Level 10 of the Dungeon
 12070 | D:10     | Noticed a two-headed ogre
 12128 | D:10     | Noticed a two-headed ogre
 12137 | D:10     | Killed a two-headed ogre
 12471 | D:10     | Reached XP level 11. HP: 72/99 MP: 10/10
 12865 | D:10     | Noticed Grum
 12884 | D:10     | Killed Grum
 13318 | D:10     | Reached skill level 10 in Fighting
 13322 | D:10     | Killed a two-headed ogre
 13440 | D:10     | Reached ***** piety under Trog
 13482 | D:10     | Found an iron altar of Okawaru.
 13669 | D:10     | Noticed a two-headed ogre
 13681 | D:10     | Killed a two-headed ogre
 13682 | D:10     | Reached skill level 10 in Armour
 13682 | D:10     | Reached skill level 1 in Evocations
 14194 | D:11     | Noticed a four-headed hydra
 14383 | D:11     | Found a stormy altar of Qazlal.
 14716 | D:11     | Killed a four-headed hydra
 14933 | D:11     | Noticed a wizard
 14934 | D:11     | Noticed a wizard
 14943 | D:11     | Killed a wizard
 14958 | D:11     | Killed a wizard
 14968 | D:11     | Noticed a wizard
 14969 | D:11     | Noticed a wizard
 14977 | D:11     | Killed a wizard
 14978 | D:11     | Reached skill level 5 in Dodging
 14980 | D:11     | Killed a wizard
 15346 | D:11     | Noticed a wizard
 15363 | D:11     | Killed a wizard
 15410 | D:11     | Noticed a wizard
 15434 | D:11     | Killed a wizard
 15435 | D:11     | Reached XP level 12. HP: 106/110 MP: 11/11
 15511 | D:11     | Found a staircase to the Lair.
 15622 | Abyss:2  | Cast into level 2 of the Abyss (a wizard)
 15680 | D:11     | Escaped the Abyss
 15984 | D:11     | Found the +3 warlock's mirror {reflect}
 16523 | D:12     | Reached skill level 5 in Evocations
 16684 | D:12     | Found a basalt altar of Yredelemnul.
 16824 | D:12     | Found a frozen archway.
 16833 | IceCv    | Entered an ice cave
 17589 | IceCv    | Reached XP level 13. HP: 122/122 MP: 12/12
 17690 | IceCv    | Identified a scroll of acquirement
 18092 | D:12     | Found a staircase to the Orcish Mines.
 18146 | D:12     | Received a gift from Trog
 19252 | D:11     | Acquired the +0 pair of boots of Autumn {rPois rF- Str+8
                  | Int-3}
 19274 | Lair:1   | Entered Level 1 of the Lair of Beasts
 19573 | Lair:1   | Noticed Nergalle
 19587 | Lair:1   | Killed Nergalle
 20064 | Lair:1   | Identified the ring of Meutudgha {rN+ Str+6 Slay+3}
 20712 | Lair:2   | Found a hole to the Spider Nest.
 21745 | Lair:3   | Noticed Nefuv's ghost (journeyman MiBe)
 21846 | Lair:3   | Found a staircase to the Shoals.
 21888 | Lair:3   | Found a runed translucent gate.
 22835 | Lair:3   | Reached XP level 14. HP: 123/133 MP: 13/13
 22948 | Lair:3   | Found a runed translucent gate.
 22948 | Lair:3   | Found a runed translucent gate.
 23800 | Lair:3   | Killed Nefuv's ghost
 24222 | Lair:4   | Noticed Kirke
 24234 | Lair:4   | Killed Kirke
 24695 | Lair:4   | Found a staircase to the Slime Pits.
 24696 | Lair:4   | Found a viscous altar of Jiyva.
 24831 | Lair:4   | Reached skill level 1 in Shields
 25395 | Lair:5   | Entered Level 5 of the Lair of Beasts
 25897 | Lair:5   | Reached skill level 5 in Shields
 26431 | Lair:5   | Reached ****** piety under Trog
 27619 | Lair:5   | Identified the +5 rapier of Foul Odours {vorpal, Dex+2
                  | SInv} (Trog gifted it to you on level 5 of the Lair of
                  | Beasts)
 27619 | Lair:5   | Received a gift from Trog
 27897 | Lair:5   | Reached skill level 10 in Evocations
 28577 | Orc:1    | Entered Level 1 of the Orcish Mines
 28595 | Orc:1    | Noticed Erolcha
 28605 | Orc:1    | Killed Erolcha
 28606 | Orc:1    | Reached XP level 15. HP: 100/139 MP: 14/14
 28737 | Orc:1    | Noticed Gastronok
 28747 | Orc:1    | Killed Gastronok
 28787 | Orc:1    | Found Mywniro's Book Shop.
 29045 | Orc:2    | Entered Level 2 of the Orcish Mines
 29115 | Orc:2    | Found a staircase to the Elven Halls.
 29118 | Orc:2    | Found Erieley's Weapon Shoppe.
 30074 | Orc:2    | Found Ufellyof's Armour Shoppe.
 30074 | Orc:2    | Found Lobbyhadd's Magic Scroll Boutique.
 30076 | Orc:2    | Found Magol's Jewellery Shoppe.
 30076 | Orc:2    | Found Zifickul's Book Boutique.
 30084 | Orc:2    | Bought the +1 cloak of Unaderele {rF++ rN+} for 496 gold
                  | pieces
 30123 | Orc:2    | Bought a scroll of enchant armour for 90 gold pieces
 30446 | Orc:2    | Lost intelligence.
 32210 | Orc:1    | Noticed an orc warlord
 32404 | Orc:2    | Killed an orc warlord
 32405 | Orc:2    | Reached skill level 10 in Shields
 32605 | Orc:1    | Found a runed translucent door.
 32606 | Orc:1    | Noticed duckroller's ghost (journeyman HOMo)
 32625 | Orc:1    | Killed duckroller's ghost
 33294 | Orc:2    | Bought the +8 plate armour of Feum {+Inv rPois Str-4 SInv}
                  | for 1001 gold pieces
 33561 | Spider:1 | Entered Level 1 of the Spider Nest
 33561 | Spider:1 | Noticed Roxanne
 34132 | Spider:1 | Noticed Donald
 34153 | Spider:1 | Killed Donald
 34556 | Spider:2 | Noticed Arachne
 34573 | Spider:2 | Killed Arachne
 34574 | Spider:2 | Reached skill level 10 in Dodging
 34880 | Spider:2 | Noticed Mlioglotl
 34889 | Spider:2 | Killed Mlioglotl
 34943 | Spider:2 | Received a gift from Trog
 35307 | Spider:2 | Identified the +5 spear of Animal Spirits {freeze, rF+
                  | Will+ Dex+2}
 35670 | Spider:3 | Noticed an emperor scorpion
 35687 | Spider:3 | Killed an emperor scorpion
 36136 | Spider:3 | Reached XP level 16. HP: 115/147 MP: 0/15
 36615 | Spider:3 | Received a gift from Trog
 38156 | Spider:4 | Entered Level 4 of the Spider Nest
 38369 | Spider:4 | Received a gift from Trog
 39319 | Spider:4 | Reached skill level 15 in Fighting
 39852 | Spider:4 | Reached skill level 15 in Armour
 39852 | Spider:4 | Reached XP level 17. HP: 83/156 MP: 16/16
 39884 | Spider:4 | Got a gossamer rune of Zot
 40430 | Shoals:1 | Entered Level 1 of the Shoals
 40786 | Shoals:1 | Noticed Josephine
 40806 | Shoals:1 | Killed Josephine
 41429 | Shoals:2 | Noticed a kraken
 41566 | Shoals:2 | Received a gift from Trog
 41617 | Shoals:2 | Killed a kraken
 43184 | Shoals:4 | Entered Level 4 of the Shoals
 43364 | Shoals:4 | Identified the +6 chain mail of Divine Intervention {Dex+3}
 44016 | Shoals:4 | Received a gift from Trog
 44052 | Shoals:4 | Found a radiant altar of Vehumet.
 44206 | Shoals:4 | Reached skill level 15 in Shields
 44590 | Shoals:4 | Got a barnacled rune of Zot
 45004 | D:13     | Identified the +0 robe of Melancholy {Drain Fly Regen+
                  | MP+9}
 45472 | D:13     | Found a gate to the Vaults.
 45550 | D:13     | Noticed Maurice
 45561 | D:13     | Killed Maurice
 45591 | D:13     | Found a transporter.
 45598 | D:13     | Found a radiant altar of Vehumet.
 45730 | D:12     | Reached XP level 18. HP: 168/168 MP: 17/17
 45938 | D:13     | Received a gift from Trog
 46060 | D:13     | Identified the +2 pair of boots of the Special Wonders
                  | {+Blink rC- Str+6 Stlth+}
 46337 | D:13     | Paralysed by a floating eye for 3 turns
 46475 | D:13     | Found a transporter.
 47169 | D:14     | Found a sparkling altar of Nemelex Xobeh.
 47389 | D:15     | Entered Level 15 of the Dungeon
 47657 | D:15     | Found a staircase to the Depths.
 47836 | D:15     | Noticed Rupert
 47843 | D:15     | Killed Rupert
 48551 | Slime:1  | Entered Level 1 of the Pits of Slime
 48902 | Slime:1  | Gained mutation: You occasionally lose the ability to read
                  | scrolls when taking damage. [a shining eye]
 48921 | Slime:1  | Received a gift from Trog
 49159 | Lair:4   | Lost mutation: You occasionally lose the ability to read
                  | scrolls when taking damage. [potion of mutation]
 49159 | Lair:4   | Gained mutation: You are agile. (Dex +4, Str/Int -1)
                  | [potion of mutation]
 49159 | Lair:4   | Gained mutation: You are weak. (Str -2) [potion of
                  | mutation]
 49159 | Lair:4   | Gained mutation: Your skin changes colour to match your
                  | surroundings (Stealth+). [potion of mutation]
 50347 | Slime:1  | Gained mutation: You have hidden genetic defects. [a
                  | shining eye]
 50354 | Slime:1  | Lost mutation: You are agile. (Dex +4, Str/Int -1) [potion
                  | of mutation]
 50354 | Slime:1  | Lost mutation: Your skin changes colour to match your
                  | surroundings (Stealth+). [potion of mutation]
 50354 | Slime:1  | Gained mutation: Your flesh is heat resistant. (rF+)
                  | [potion of mutation]
 50354 | Slime:1  | Gained mutation: You are frail. (-10% HP) [potion of
                  | mutation]
 50354 | Slime:1  | Lost mutation: You are frail. (-10% HP) [potion of
                  | mutation]
 51435 | Slime:3  | Reached skill level 15 in Dodging
 51662 | Slime:4  | Gained mutation: Your mind is acute. (Int +4, Str/Dex -1)
                  | [a shining eye]
 51730 | Slime:5  | Entered Level 5 of the Pits of Slime
 51744 | Slime:5  | Gained mutation: You occasionally lose the ability to drink
                  | potions when taking damage. [hidden defects]
 51747 | Slime:4  | Lost mutation: Your mind is acute. (Int +4, Str/Dex -1)
                  | [potion of mutation]
 51747 | Slime:4  | Lost mutation: You have hidden genetic defects. [potion of
                  | mutation]
 51747 | Slime:4  | Lost mutation: You are weak. (Str -2) [potion of mutation]
 51747 | Slime:4  | Gained mutation: Your muscles are strong. (Str +4, Int/Dex
                  | -1) [potion of mutation]
 51747 | Slime:4  | Gained mutation: You passively dampen the noise of your
                  | surroundings. [potion of mutation]
 51772 | Slime:5  | Lost mutation: Your flesh is heat resistant. (rF+) [a
                  | shining eye]
 52270 | Slime:4  | Reached skill level 15 in Evocations
 52343 | Slime:5  | Gained mutation: You occasionally shout uncontrollably at
                  | your foes. [a shining eye]
 52347 | Slime:5  | Reached XP level 19. HP: 177/177 MP: 18/18
 52368 | Slime:5  | Noticed the Royal Jelly
 52721 | Slime:3  | HP: 1/177 [acid blob[the Royal Jelly] (12)]
 52722 | Slime:3  | Splashed by an acid blob's acid

Illustrated notes

#.## ####### #... ########
#.....#############.## .......#
#.....##....>..(..#.## ######.#
#.....##..........#.## #
#.#####.....##..........#.## #
#.#.........##..............
######.#.........#######.##....#.
##...#........!.@>....##.##....#.
##.#.#..........##.......##....#.
#...............##....##.##....#.
#..#.#.#...............#.##....#.
#..#.#.#.........#.###.#.#####.#.
#..#.#.##.#####..#.......#####.#.
#.......#.#......#...#.##......#.
#..#.............'.........[.....
#.#....##.#.#....#...#.##.####.##


Turn 1056 on D:1: Sigmund Down

Levels and vault maps discovered:
D:1:      lightli_arrival_isolated_outpost, layout_basic
D:2:      layout_basic, minmay_tromino_v4_c, uniq_sigmund, uniq_natasha
D:3:      layout_loops_ring, lemuel_blue_sif_altar, lemuel_doored_altar,
          uniq_grinder
D:4:      cheibrodos_barr_body, layout_rooms, kennysheep_nondescript,
          minmay_misc_feat_roman
D:5:      layout_loops_ring, mainiacjoe_overflow_boulevard,
          mainiacjoe_overflow_chevrons, marbit_many_paths,
          minmay_temple_entry_statues_fountains, nicolae_hexahallways
D:6:      layout_basic, hangedman_decor_opposing
D:7:      layout_basic, nicolae_elyvilon_temple_path, fedhas_altar_2,
          dilly_guarded_unrand_morg
D:8:      layout_rooms, enter_bailey_3, lightli_ossuary_entry_decrepit_ruins,
          grunt_decor_junction
D:9:      layout_loops_ring, amcnicky_altar_gilded,
          gammafunk_temple_overflow_statue, nicolae_zen_rock_garden
D:10:     layout_cave_pools, okawaru_metal_pillars_3,
          kennysheep_opposing_triangles, uniq_grum
D:11:     minmay_smoke_and_mirrors, layout_basic, minmay_lair_entry_grove,
          nicolae_qazlal_general_emergency
D:12:     layout_irregular_city, david_orc_5, portal_ice_cave_entry_pillars_1,
          chequers_jeans, nicolae_yredelemnul_corpse_copse
D:13:     gammafunk_sealed_library, layout_loops_ring,
          grunt_vaults_entry_tiered, kennysheep_kite_vault, uniq_maurice
D:14:     layout_big_octagon, nemelex_altar_shiori
D:15:     gammafunk_enter_depths_forms, layout_loops_ring,
          minmay_misc_feat_columns, drop_trap, uniq_rupert
Lair:1:   layout_long_grid, uniq_nergalle
Lair:2:   layout_roguey, spider_nest_entry_web_field
Lair:3:   layout_regular_city, shoals_dummy_entry,
          maelrawn_ghost_gauntlet_escape, lemuel_fruit_tree
Lair:4:   layout_cave_pods, slime_entry_1, serial_bayou_shore_b, uniq_kirke
Lair:5:   evilmike_catoblepas_cave, layout_regular_city
Shoals:1: layout_shoals, nicolae_shoals_cliffside_cave, uniq_josephine
Shoals:2: layout_shoals
Shoals:3: layout_shoals, nicolae_shoals_arrival_archipelago
Shoals:4: shoals_end_simple, layout_shoals, lemuel_altar_in_water
Spider:1: layout_spider_delve, uniq_donald, uniq_roxanne
Spider:2: layout_spider_delve, uniq_arachne, uniq_mlioglotl
Spider:3: nicolae_spider_hilbert_zone_3 [nicolae_spider_hilbert_4_sides_2_open,
          nicolae_spider_hilbert_3_sides_1_open,
          nicolae_spider_hilbert_3_sides_1_open,
          nicolae_spider_hilbert_3_sides_1_open,
          nicolae_spider_hilbert_3_sides_1_open,
          nicolae_spider_hilbert_4_sides_1_open,
          nicolae_spider_hilbert_4_sides_1_open,
          nicolae_spider_hilbert_4_sides_1_open,
          nicolae_spider_hilbert_4_sides_1_open,
          nicolae_spider_hilbert_4_sides_1_open,
          nicolae_spider_hilbert_4_sides_1_open,
          nicolae_spider_hilbert_4_sides_1_open,
          nicolae_spider_hilbert_4_sides_1_open,
          nicolae_spider_hilbert_3_sides_1_open,
          nicolae_spider_hilbert_3_sides_1_open,
          nicolae_spider_hilbert_3_sides_1_open,
          nicolae_spider_hilbert_3_sides_1_open]
Spider:4: floodkiller_spider_rune_tomb
Slime:1:  layout_caves, cheibrodos_slime_lost_civilization_6
Slime:2:  layout_caves
Slime:3:  layout_caves
Slime:4:  layout_caves
Slime:5
Orc:1:    layout_caves, ebering_ghost_inner_flame, serial_shops, shop,
          uniq_erolcha, uniq_gastronok
Orc:2:    grunt_orc_tribal_feast, layout_diamond_mine, serial_shops,
          nicolae_shop_bloodbath_and_beyond

Skill      XL: |  1  2  3  4  5  6  7  8  9 10 11 12 13 14 15 16 17 18 |
---------------+-------------------------------------------------------+-----
Axes           | 4 5 8 9 11 14 16 18 | 18.0
Fighting       | 5 9 11 13 14 15 16 17 | 17.6
Armour         | 4 9 11 12 14 15 16 18 | 18.2
Dodging        | 5 8 9 11 12 14 15 | 15.2
Evocations     | 4 6 7 10 12 13 14 15 | 15.0
Shields        | 8 12 13 15 16 | 16.5

Action                   |  1- 3 |  4- 6 |  7- 9 | 10-12 | 13-15 | 16-18 | 19-21 || total
-------------------------+-------+-------+-------+-------+-------+-------+-------++-------
Melee: Hand axe          |    56 |    47 |       |       |       |       |       ||   103
       Headbutt          |     8 |     6 |    57 |   118 |   281 |   306 |     6 ||   782
       War axe           |       |    27 |   376 |   588 |    23 |       |       ||  1014
       Punch             |       |       |     6 |     5 |       |       |       ||    11
       Dire flail        |       |       |       |     2 |    27 |       |       ||    29
       Broad axe         |       |       |       |       |   926 |  1050 |    15 ||  1991
       Morningstar       |       |       |       |       |       |     9 |       ||     9
       Eveningstar       |       |       |       |       |       |     9 |       ||     9
Throw: Boomerang         |       |       |     3 |       |     1 |     2 |       ||     6
Invok: Berserk           |     2 |     3 |     2 |     5 |     7 |     4 |       ||    23
       Trog's Hand       |       |     2 |       |     6 |     5 |     8 |     2 ||    23
Evoke: Wand              |       |       |       |    16 |     7 |    37 |       ||    60
       Box of beasts     |       |       |       |       |       |       |     1 ||     1
  Use: Scroll            |     2 |     4 |    11 |    11 |     9 |     6 |     3 ||    46
       Potion            |       |       |       |       |     3 |     8 |     1 ||    12
 Stab: Paralysed         |       |       |       |       |     3 |       |       ||     3
       Petrified         |       |       |       |       |     1 |       |       ||     1
       Distracted        |       |       |       |       |     7 |    20 |       ||    27
Armor: Ring mail         |    18 |    13 |    19 |       |       |       |       ||    50
       Chain mail        |       |       |   116 |   263 |    54 |       |       ||   433
       Plate armour      |       |       |       |       |   419 |   585 |    14 ||  1018
Dodge: Dodged            |    34 |    25 |   114 |   141 |   327 |   470 |    13 ||  1124
Block: Other             |       |       |     7 |    69 |    15 |       |       ||    91
       Reflection        |       |       |     1 |     6 |    26 |    91 |     4 ||   128
       Buckler           |       |       |       |    97 |   504 |   692 |    15 ||  1308
